 Dungeon Crawl Stone Soup version 0.22.1-1-ga44c0e5 (webtiles) character file.

111216 Goblin1989 the Fighter (level 16, -4/170 HPs)
             Began as a Gnoll Wanderer on Oct 16, 2018.
             Was a High Priest of Wu Jian.
             Slain by an entropy weaver (7 damage)
             ... on level 1 of the Spider Nest on Oct 19, 2018.
             The game lasted 02:20:46 (34924 turns).

Goblin1989 the Fighter (Gnoll Wanderer)            Turns: 34924, Time: 02:20:47

Health: -4/170     AC:  6    Str: 21      XL:     16   Next: 57%
Magic:  27/30      EV: 18    Int: 20      God:    Wu Jian [*****.]
Gold:   2245       SH:  8    Dex: 13 (14) Spells: 1/36 levels left

rFire    . . .     SeeInvis .   a - +3 quick blade (flame)
rCold    . . .     Gourm    .   y - +2 buckler
rNeg     + + +     Faith    .   (armour currently unavailable)
rPois    ∞         Spirit   .   J - +0 helmet
rElec    +         Reflect  .   j - +1 cloak of Decompression {*Drain +Fly rN++ Str+4}
rCorr    +         Harm     .   (gloves currently unavailable)
MR       +....                  (boots currently unavailable)
Stlth    ++........             r - amulet of regeneration
HPRegen  1.78/turn              t - ring of wizardry
MPRegen  0.22/turn              g - ring of resist corrosion

@: statue-form, corroded, regenerating, glowing, heavenly storm, very slow
A: distributed training, fangs 1, strong nose
a: End Transformation, Wall Jump, Serpent's Lash, Heavenly Storm, Renounce
Religion, Evoke Flight


You were on level 1 of the Spider Nest.
You worshipped Wu Jian.
Wu Jian was extremely pleased with you.
You were not hungry.
You were a stone statue.
You visited 5 branches of the dungeon, and saw 25 of its levels.
You also visited: Ice Cave and Volcano.

You collected 2505 gold pieces.
You spent 260 gold pieces at shops.

Inventory:

Hand Weapons
 a - a +3 quick blade of flaming (weapon)
 w - a +0 blowgun {@w1}
 W - a +0 short sword of distortion {!w}
Missiles
 s - 8 javelins of returning (quivered) {@Q2}
 H - 3 javelins of penetration {@Q2}
 O - 542 arrows
 P - 5 curare-tipped needles
 Z - a throwing net {!d , @Q1}
Armour
 j - the +1 cloak of Decompression (worn) {*Drain +Fly rN++ Str+4}
   (You found it on level 9 of the Dungeon)

   It affects your strength (+4).
   It greatly protects you from negative energy.
   It lets you fly.
   It causes draining when unequipped.
 p - a +1 pair of boots (melded)
 u - a +0 shield
 y - a +2 buckler (worn)
 J - a +0 helmet (worn)
 S - a +0 pair of gloves (melded)
 Y - +5 steam dragon scales (melded)
Jewellery
 c - an uncursed ring of protection from cold
 g - a ring of resist corrosion (right hand)
 r - an amulet of regeneration (around neck)
 t - a ring of wizardry (left hand)
 E - a +4 ring of evasion
 Q - an uncursed ring of fire
 U - a +4 ring of intelligence
 V - the ring "Caqac" {rElec Str+4}
   (You found it on level 5 of the Lair of Beasts)

   [ring of strength]

   It affects your strength (+4).
   It insulates you from electricity.
Wands
 d - a wand of acid (17) {@v2}
 v - a wand of flame (106) {@v6}
 z - a wand of digging (7) {@v1}
 C - a wand of disintegration (23)
 X - a wand of iceblast (10) {@v4}
Scrolls
 n - 4 scrolls of immolation
 q - 8 scrolls of remove curse {@r3}
 B - 4 scrolls of blinking
 I - 6 scrolls of fear
 M - 3 scrolls of magic mapping
 R - 3 scrolls of identify {@r1}
 T - 5 scrolls of teleportation {!r, @r2}
Potions
 f - 5 potions of mutation {!q}
 i - 3 potions of brilliance
 k - 9 potions of curing {@q1}
 l - 3 potions of heal wounds {@q2}
 m - 8 potions of might {@q4}
 o - 2 potions of cancellation
 x - 2 potions of ambrosia
 A - 3 potions of flight
 D - 5 potions of agility {@q5}
 F - a potion of magic
 G - 3 potions of berserk rage
 K - a potion of invisibility
 L - 3 potions of haste {@q3,}
 N - 2 potions of lignification
Miscellaneous
 h - a lamp of fire
Comestibles
 b - 2 chunks of flesh
 e - 33 rations


   Skills:
 + Level 13.2 Fighting
 + Level 10.7 Short Blades
 + Level 10.7 Long Blades
 + Level 10.7 Axes
 + Level 10.7 Maces & Flails
 + Level 10.7 Polearms
 + Level 10.7 Staves
 + Level 10.7 Slings
 + Level 10.7 Bows
 + Level 10.7 Crossbows
 + Level 10.7 Throwing
 + Level 10.7 Armour
 + Level 10.7 Dodging
 + Level 11.0 Stealth
 + Level 10.7 Shields
 + Level 11.0 Unarmed Combat
 + Level 10.7 Spellcasting
 + Level 9.1 Conjurations
 + Level 9.1 Hexes
 + Level 10.5 Charms
 + Level 9.1 Summonings
 + Level 9.1 Necromancy
 + Level 9.1 Translocations
 + Level 9.1 Transmutations
 + Level 9.1 Fire Magic
 + Level 9.1 Ice Magic
 + Level 9.1 Air Magic
 + Level 9.1 Earth Magic
 + Level 9.1 Poison Magic
 + Level 11.6 Invocations
 + Level 11.0 Evocations


You had one spell level left.
You knew the following spells:

 Your Spells              Type           Power        Failure   Level  Hunger
a - Infusion              Chrm           ####         1%          1    None
b - Olgreb's Toxic Radia  Pois           #####...     1%          4    ##.....
m - Mephitic Cloud        Conj/Pois/Air  #####...     1%          3    None
o - Apportation           Tloc           #####.       1%          1    None
t - Tukima's Dance        Hex            #####...     1%          3    None
x - Confuse               Hex            #####...     1%          3    None
y - Song of Slaying       Chrm           ######..     1%          2    None
I - Invisibility          Hex            #####...     10%         6    ######.
R - Regeneration          Chrm/Necr      ######....   1%          3    None
W - Spectral Weapon       Hex/Chrm       ######..     1%          3    None
Y - Statue Form           Tmut/Erth      #####....    10%         6    ######.

Your spell library contained the following spells:

 Spells                   Type           Power        Failure   Level  Hunger
 Animate Skeleton         Necr           N/A          1%          1    None
 Confusing Touch          Hex            #####.       1%          1    None
 Corona                   Hex            #####..      1%          1    None
 Freeze                   Ice            ####         1%          1    None
 Sandblast                Erth           #####.       1%          1    None
 Sting                    Conj/Pois      ####         1%          1    None
 Summon Small Mammal      Summ           ####         1%          1    None
 Corpse Rot               Necr           N/A          1%          2    None
 Ensorcelled Hibernation  Hex/Ice        #####.       1%          2    None
 Passwall                 Tmut/Erth      #####...     1%          2    None
 Poisonous Vapours        Pois/Air       #####.       1%          2    None
 Shroud of Golubria       Chrm/Tloc      ######....   1%          2    None
 Sublimation of Blood     Necr           #####.....   1%          2    None
 Swiftness                Chrm/Air       ######..     1%          2    None
 Throw Frost              Conj/Ice       #####.       1%          2    None
 Dazzling Spray           Conj/Hex       #####.       1%          3    None
 Ignite Poison            Fire/Tmut/Pois #####...     1%          3    None
 Ozocubu's Armour         Chrm/Ice       ######..     1%          3    None
 Static Discharge         Conj/Air       #####...     1%          3    None
 Stone Arrow              Conj/Erth      #####.       1%          3    None
 Ice Form                 Ice/Tmut       #####...     1%          4    ##.....
 Passage of Golubria      Tloc           N/A          1%          4    ##.....
 Petrify                  Tmut/Erth      #####...     1%          4    ##.....
 Summon Ice Beast         Ice/Summ       #####...     1%          4    ##.....
 Throw Icicle             Conj/Ice       #####...     1%          4    ##.....
 Agony                    Necr           #####...     1%          5    ####...
 Alistair's Intoxication  Tmut/Pois      #####...     1%          5    ####...
 Bolt of Draining         Conj/Necr      #####.....   1%          5    ####...
 Dispel Undead            Necr           #####...     1%          5    ####...
 Excruciating Wounds      Chrm/Necr      ######....   1%          5    ####...
 Irradiate                Conj/Tmut      #####.....   1%          5    ####...
 Lee's Rapid Deconstruct  Erth           #####.....   1%          5    ####...
 Lightning Bolt           Conj/Air       #####.....   1%          5    ####...
 Metabolic Englaciation   Hex/Ice        #####.....   1%          5    ####...
 Venom Bolt               Conj/Pois      #####.....   1%          5    ####...
 Bolt of Cold             Conj/Ice       #####.....   10%         6    ######.
 Darkness                 Hex            #####.....   10%         6    ######.
 Freezing Cloud           Conj/Ice/Air   #####.....   10%         6    ######.
 Hydra Form               Tmut           #####.....   10%         6    ######.
 Ozocubu's Refrigeration  Ice            #####.....   10%         6    ######.
 Simulacrum               Ice/Necr       #####.....   10%         6    ######.
 Dragon Form              Tmut           #####.....   45%         7    #######
 Ignition                 Fire           #####.....   98%         8    #######
 Shatter                  Erth           #####.....   100%        9    #######
 Tornado                  Air            #####.....   100%        9    #######


Dungeon Overview and Level Annotations

Branches:
Dungeon (15/15)            Temple (1/1) D:7            Lair (6/6) D:10
 Shoals (0/4) Lair:4       Spider (1/4) Lair:2        Slime (0/5) Lair:5
    Orc (2/2) D:11            Elf (0/3) Orc:2        Vaults (0/5) D:13
 Depths (0/5) D:15

Altars:
Ashenzari
Cheibriados
Dithmenos
Elyvilon
Fedhas
Gozag
Hepliaklqana
Kikubaaqudgha
Makhleb
Nemelex Xobeh
Okawaru
Qazlal
Ru
Sif Muna
Trog
Uskayaw
Vehumet
Wu Jian
Xom
Yredelemnul
Zin
The Shining One
Jiyva

Shops:
D:5 !   D:11 (   D:12 *   Orc:2 }(=*

Portals:
Trove: D:15 (give 16 scrolls of teleportation)

Annotations:
D:14 exclusion: Roxanne, Roxanne
Lair:1 2 runed doors, zapotec's ghost, journeyman DECj


Innate Abilities, Weirdness & Mutations

Your experience applies equally to all skills.
You have very sharp teeth.
Your uncanny sense of smell can sniff out nearby items.


Message History

The entropy weaver mumbles some strange words.
You hit the entropy weaver but do no damage.
The entropy weaver is almost dead.
The entropy weaver misses you.
The entropy weaver hits you but does no damage.
You block the entropy weaver's attack.
The entropy weaver hits you but does no damage.
You puncture the entropy weaver! You burn the entropy weaver.
The entropy weaver is almost dead.
You hit the entropy weaver but do no damage.
You bite the entropy weaver, but do no damage.
The entropy weaver is almost dead.
The entropy weaver closely misses you. You block the entropy weaver's attack.
The entropy weaver hits you.
The entropy weaver hits you but does no damage.
You take 4 damage, and have 103/170 hp.
You completely miss the entropy weaver.
The entropy weaver is almost dead.
You hit the entropy weaver but do no damage.
The entropy weaver is almost dead.
The entropy weaver hits you.
The entropy weaver completely misses you.
The entropy weaver hits you!
The entropy weaver hits you but does no damage.
You take 11 damage, and have 92/170 hp.
You hit the entropy weaver but do no damage.
The entropy weaver is almost dead.
You hit the entropy weaver but do no damage.
The entropy weaver is almost dead.
The entropy weaver mumbles some strange words.
You hit the entropy weaver but do no damage.
The entropy weaver is almost dead.
You closely miss the entropy weaver.
The entropy weaver is almost dead.
The entropy weaver hits you! You block the entropy weaver's attack.
The entropy weaver barely misses you. You block the entropy weaver's attack.
You take 11 damage, and have 82/170 hp.
You miss the entropy weaver.
The entropy weaver is almost dead.
You hit the entropy weaver but do no damage.
The entropy weaver is almost dead.
The entropy weaver mumbles some strange words.
You hit the entropy weaver but do no damage.
The entropy weaver is almost dead.
The entropy weaver gestures wildly while chanting.
The entropic weave corrodes you!
You hit the entropy weaver but do no damage.
The entropy weaver is almost dead.
You hit the entropy weaver but do no damage.
The entropy weaver is almost dead.
The entropy weaver hits you!
The entropy weaver hits you but does no damage.
The entropy weaver hits you.
* * * LOW HITPOINT WARNING * * *
The entropy weaver closely misses you.
You take 8 damage, and have 76/170 hp.
The air is filled with shimmering golden clouds!
Sifu Sun Luban says: The storm will not cease as long as you keep fighting, You hear an angry buzzing noise.
The entropy weaver hits you!
* * * LOW HITPOINT WARNING * * *
You block the entropy weaver's attack.
The entropy weaver hits you but does no damage. x2
You take 8 damage, and have 68/170 hp.
You barely miss the entropy weaver.
The entropy weaver is almost dead.
The entropy weaver closely misses you. The entropy weaver hits you.
* * * LOW HITPOINT WARNING * * *
You block the entropy weaver's attack. The entropy weaver hits you.
* * * LOW HITPOINT WARNING * * *
You take 9 damage, and have 59/170 hp.
You hit the entropy weaver but do no damage.
The entropy weaver is almost dead.
The entropy weaver hits you!
* * * LOW HITPOINT WARNING * * *
The entropy weaver closely misses you. The entropy weaver hits you!
* * * LOW HITPOINT WARNING * * *
The entropy weaver misses you.
You take 15 damage, and have 44/170 hp.
You hit the entropy weaver but do no damage.
The entropy weaver is almost dead.
Unknown command.
You hit the entropy weaver but do no damage.
The entropy weaver is almost dead.
The entropy weaver hits you!
* * * LOW HITPOINT WARNING * * *
The entropy weaver closely misses you. The entropy weaver hits you.
* * * LOW HITPOINT WARNING * * *
The entropy weaver hits you!
* * * LOW HITPOINT WARNING * * *
You take 29 damage, and have 15/170 hp.
Casting: Statue Form (slightly dangerous; 10% risk of failure)
Confirm with . or Enter, or press ? or * to list all spells.
Your skin crawls.
You hear an angry buzzing noise.
The entropy weaver closely misses you. x2
You block the entropy weaver's attack. The entropy weaver hits you!
* * * LOW HITPOINT WARNING * * *
The entropy weaver hits you!
You die... █ .█ ███. ∆ ████

... ███..██ ..█ █..██.████ s§█
███.█.██..████a████
██..███.....§§8██..█████ ∆
██...█.██....§███.......█
█..███..█..█.███.....█†.███
█..^██..█..███ █....███...█ ∆
█....█..██.█ █████..██..████ ∆
██...█...███ █..██..████...█
██.█.....█ ████..█..█ █^.██
████████..██ ██..█.█...████..█
█......███.███..█.██████..█.██


You could see an entropy weaver and a tarantella.

Vanquished Creatures
  Rupert (D:15)
  Frances (D:14)
  A frost giant (IceCv)
  Louise (D:15)
  An entropy weaver (Spider:1)
  Nessos (Orc:2)
  A deep elf annihilator (D:13)
  Azrael (D:12)
  Snorg (Orc:2)
  An ettin (D:13)
  A great orb of eyes (shapeshifter) (D:15)
  6 hydras
  A rakshasa (D:14)
  A vault guard (D:15)
  A catoblepas (Lair:4)
  7 centaur warriors
  2 dancing weapons (D:13)
  Erica (D:8)
  A death yak (IceCv)
  16 two-headed ogres
  Urug (D:10)
  An ogre mage (D:15)
  Sonja (Lair:3)
  3 orc high priests (Orc:2)
  2 skeletal warriors (Volcano)
  A glowing orange brain (D:15)
  2 anaconda skeletons (Volcano)
  6 orc knights (Orc:2)
  2 manticores
  8 deep elf magi (D:12)
  4 cyclopes
  3 orc sorcerers (Orc:2)
  3 wolf spiders (Spider:1)
  A black mamba (shapeshifter) (D:14)
  13 ugly things
  3 elephants (Lair:4)
  3 black mambas
  Joseph (D:7)
  An ice statue (IceCv)
  7 gargoyles
  8 komodo dragons
  4 centaur skeletons
  2 rime drakes
  A kobold demonologist (D:13)
  7 spiny frogs
  A redback zombie (D:14)
  A rime drake (shapeshifter) (D:15)
  A freezing wraith (D:13)
  2 tengu conjurers (D:13)
  A meliai (shapeshifter) (D:13)
  A polar bear (shapeshifter) (D:15)
  A merfolk (shapeshifter) (D:15)
  11 polar bears (IceCv)
  A troll (shapeshifter) (D:14)
  A hornet (Lair:4)
  4 trolls
  2 queen bees
  17 blink frogs
  5 jumping spiders
  6 meliai
  A snapping turtle (Lair:4)
  A hippogriff (D:10)
  4 slime creatures (D:15)
  Prince Ribbit (Lair:2)
  A centaur simulacrum (D:13)
  3 flying skulls (Volcano)
  An alligator skeleton (Volcano)
  3 redbacks (Spider:1)
  A shadow (D:14)
  2 wyverns
  62 yaks
  4 basilisks
  A fire elemental (D:12)
  2 tarantellas (Spider:1)
  A steam dragon (D:12)
  4 vampire mosquitoes
  Grum (D:9)
  2 wargs (Orc:1)
  Duvessa (D:5)
  Edmund (D:5)
  3 acid dragons
  6 hell hounds (D:12)
  7 porcupines
  11 water moccasins
  25 orc warriors
  2 sky beasts
  4 ice beasts
  5 black bears
  An eye of draining (shapeshifter) (D:14)
  A black bear (shapeshifter) (D:15)
  2 necrophages
  6 phantoms
  24 wolves
  10 ogres
  7 centaurs
  11 crocodiles
  2 big kobolds
  25 bullfrogs
  Dowan (D:5)
  4 scorpions
  5 wights
  42 killer bees
  A troll skeleton (Volcano)
  4 electric eels
  2 crimson imps
  2 bullfrog zombies
  3 centaur zombies
  7 hounds
  17 orc priests
  4 bullfrog skeletons
  7 jellies
  30 orc wizards
  Jessica (D:2)
  Natasha (thrice) (D:2)
  Crazy Yiuf (D:7)
  10 worker ants
  A naga skeleton (Volcano)
  2 hound skeletons
  A hound zombie (D:11)
  15 adders
  11 gnolls
  A howler monkey skeleton (D:10)
  4 shadow imps
  An ooze (D:7)
  4 worms
  3 dart slugs
  3 leopard geckos
  80 orcs
  2 ball pythons (D:2)
  5 giant cockroaches
  8 goblins
  14 hobgoblins
  6 jackals
  A quokka (D:4)
  10 bats
  3 frilled lizards (D:1)
  10 kobolds
  A leopard gecko skeleton (D:7)
  9 rats
778 creatures vanquished.

Vanquished Creatures (others)
  Grinder (D:5)
  A bullfrog (Lair:3)
  An orc priest (Orc:2)
  9 fungi
  14 plants
  3 spectral weapons
29 creatures vanquished.

Grand Total: 807 creatures vanquished

Notes
Turn   | Place    | Note
-------+----------+-------------------------------------------
     0 | D:1      | Goblin1989 the Gnoll Wanderer began the quest for the Orb.
     0 | D:1      | Goblin1989 set off with: a +0 short sword, a potion of
                  | lignification, a +0 robe, a ration
     0 | D:1      | Reached XP level 1. HP: 26/26 MP: 2/2
   346 | D:1      | Reached XP level 2. HP: 27/33 MP: 3/3
   880 | D:1      | Reached XP level 3. HP: 33/38 MP: 4/4
  1716 | D:2      | Reached skill level 1 in Invocations
  1807 | D:2      | Noticed Jessica
  1927 | D:2      | Killed Jessica
  1927 | D:2      | Reached skill level 1 in Short Blades
  1927 | D:2      | Reached skill level 1 in Long Blades
  1927 | D:2      | Reached skill level 1 in Axes
  1927 | D:2      | Reached skill level 1 in Maces & Flails
  1927 | D:2      | Reached skill level 1 in Polearms
  1927 | D:2      | Reached skill level 1 in Staves
  1927 | D:2      | Reached skill level 1 in Slings
  1927 | D:2      | Reached skill level 1 in Bows
  1927 | D:2      | Reached skill level 1 in Crossbows
  1927 | D:2      | Reached skill level 1 in Throwing
  1927 | D:2      | Reached skill level 1 in Armour
  1927 | D:2      | Reached skill level 1 in Dodging
  1927 | D:2      | Reached skill level 1 in Shields
  1927 | D:2      | Reached skill level 1 in Spellcasting
  1927 | D:2      | Reached XP level 4. HP: 37/45 MP: 4/6
  2011 | D:2      | Noticed Natasha
  2031 | D:2      | Killed Natasha
  2031 | D:2      | Reached skill level 1 in Conjurations
  2031 | D:2      | Reached skill level 1 in Hexes
  2031 | D:2      | Reached skill level 1 in Summonings
  2031 | D:2      | Reached skill level 1 in Necromancy
  2031 | D:2      | Reached skill level 1 in Translocations
  2031 | D:2      | Reached skill level 1 in Transmutations
  2031 | D:2      | Reached skill level 1 in Fire Magic
  2031 | D:2      | Reached skill level 1 in Ice Magic
  2031 | D:2      | Reached skill level 1 in Air Magic
  2031 | D:2      | Reached skill level 1 in Earth Magic
  2031 | D:2      | Reached skill level 1 in Poison Magic
  2432 | D:2      | Noticed Natasha
  2445 | D:2      | Killed Natasha
  2445 | D:2      | Reached XP level 5. HP: 18/51 MP: 7/7
  2735 | D:2      | Found a sparkling altar of Nemelex Xobeh.
  2762 | D:2      | Noticed Natasha
  2804 | D:2      | Killed Natasha
  3175 | D:3      | Found a blossoming altar of Fedhas.
  3715 | D:3      | Reached XP level 6. HP: 33/57 MP: 8/8
  4718 | D:4      | Got a transparent leather armour
  4729 | D:4      | Identified the +2 leather armour of Akaoxku {rElec rC+
                  | Str+2} (You found it on level 4 of the Dungeon)
  5149 | D:5      | Entered Level 5 of the Dungeon
  5153 | D:5      | Killed Grinder
  5605 | D:5      | Reached XP level 7. HP: 27/63 MP: 10/10
  6004 | D:5      | Noticed Dowan
  6727 | D:6      | Found a shattered altar of Ashenzari.
  6991 | D:6      | Reached skill level 9 in Fighting
  7014 | D:6      | Found a sparkling altar of Nemelex Xobeh.
  7214 | D:6      | Reached XP level 8. HP: 50/71 MP: 12/12
  7660 | D:7      | Noticed Joseph
  7995 | D:7      | Found a runed door.
  8039 | D:7      | Found an opulent altar of Gozag.
  8241 | D:7      | Killed Joseph
  8277 | D:7      | Reached XP level 9. HP: 17/76 MP: 14/14
  8828 | D:7      | Found a staircase to the Ecumenical Temple.
  8838 | Temple   | Entered the Ecumenical Temple
  8949 | Temple   | Goblin1989: @?rng good
  8949 | Temple   | XtahuaRules: unknown monster: "rng good"
  8949 | Temple   | Goblin1989: @!rng good
  8956 | Temple   | Became a worshipper of the Wu Jian Council
  9583 | D:7      | Noticed Crazy Yiuf
  9586 | D:7      | Killed Crazy Yiuf
  9591 | D:7      | Got an iridescent mace
  9592 | D:7      | Identified the +4 mace "Nytuge Fufu" {pain, rElec rC-
                  | Str+4} (You found it on level 7 of the Dungeon)
  9672 | D:5      | Noticed Duvessa
 10600 | D:5      | Killed Duvessa
 10600 | D:5      | Reached skill level 5 in Unarmed Combat
 10600 | D:5      | Reached skill level 5 in Evocations
 10609 | D:5      | Killed Dowan
 10737 | D:5      | Found Huaclux's Distillery.
 10742 | D:5      | Noticed Edmund
 10761 | D:5      | Killed Edmund
 10761 | D:5      | Reached skill level 5 in Stealth
 10819 | D:5      | Bought a potion of brilliance for 60 gold pieces
 10819 | D:5      | Bought a potion of magic for 120 gold pieces
 10819 | D:5      | Bought a potion of degeneration for 15 gold pieces
 10969 | D:5      | Reached * piety under Wu Jian
 11373 | D:8      | Noticed Erica
 11391 | D:8      | Killed Erica
 11391 | D:8      | Reached skill level 5 in Invocations
 11391 | D:8      | Reached XP level 10. HP: 38/85 MP: 15/17
 12185 | D:8      | Reached skill level 5 in Short Blades
 12185 | D:8      | Reached skill level 5 in Long Blades
 12185 | D:8      | Reached skill level 5 in Axes
 12185 | D:8      | Reached skill level 5 in Maces & Flails
 12185 | D:8      | Reached skill level 5 in Polearms
 12185 | D:8      | Reached skill level 5 in Staves
 12185 | D:8      | Reached skill level 5 in Slings
 12185 | D:8      | Reached skill level 5 in Bows
 12185 | D:8      | Reached skill level 5 in Crossbows
 12185 | D:8      | Reached skill level 5 in Throwing
 12185 | D:8      | Reached skill level 5 in Armour
 12185 | D:8      | Reached skill level 5 in Dodging
 12185 | D:8      | Reached skill level 5 in Shields
 12185 | D:8      | Reached skill level 5 in Spellcasting
 12519 | D:9      | Noticed Grum
 12552 | D:9      | Killed Grum
 12565 | D:9      | Reached skill level 10 in Fighting
 12955 | D:9      | Noticed a two-headed ogre
 12977 | D:9      | Killed a two-headed ogre
 13325 | D:9      | Got a warped cloak
 13391 | D:10     | Entered Level 10 of the Dungeon
 13587 | D:10     | Identified the +1 cloak of Decompression {*Drain +Fly rN++
                  | Str+4} (You found it on level 9 of the Dungeon)
 13632 | D:10     | Reached ** piety under Wu Jian
 13705 | D:10     | Noticed Urug
 13722 | D:10     | Killed Urug
 13722 | D:10     | Reached XP level 11. HP: 82/91 MP: 19/19
 13764 | D:10     | Noticed a two-headed ogre
 13792 | D:10     | Killed a two-headed ogre
 13865 | D:10     | Noticed a two-headed ogre
 14075 | D:10     | Killed a two-headed ogre
 14085 | D:10     | Reached skill level 5 in Conjurations
 14085 | D:10     | Reached skill level 5 in Hexes
 14085 | D:10     | Reached skill level 5 in Summonings
 14085 | D:10     | Reached skill level 5 in Necromancy
 14085 | D:10     | Reached skill level 5 in Translocations
 14085 | D:10     | Reached skill level 5 in Transmutations
 14085 | D:10     | Reached skill level 5 in Fire Magic
 14085 | D:10     | Reached skill level 5 in Ice Magic
 14085 | D:10     | Reached skill level 5 in Air Magic
 14085 | D:10     | Reached skill level 5 in Earth Magic
 14085 | D:10     | Reached skill level 5 in Poison Magic
 14504 | D:10     | Found a staircase to the Lair.
 14654 | D:10     | Noticed a two-headed ogre
 14875 | Lair:1   | Entered Level 1 of the Lair of Beasts
 15369 | Lair:1   | Noticed an eight-headed hydra
 15381 | Lair:1   | Killed a one-headed hydra
 15555 | Lair:1   | Found a large runed door.
 15555 | Lair:1   | Found a large runed door.
 15563 | Lair:1   | Noticed zapotec's ghost (journeyman DECj)
 15645 | Lair:1   | Goblin1989: !rng @god
 15645 | Lair:1   | XtahuaRules: The RNG chooses: Xom.
 15841 | Lair:1   | Learned a level 3 spell: Regeneration
 15844 | Lair:1   | Learned a level 2 spell: Song of Slaying
 15846 | Lair:1   | Learned a level 1 spell: Infusion
 15850 | Lair:1   | Learned a level 3 spell: Spectral Weapon
 16147 | Lair:2   | Reached XP level 12. HP: 99/99 MP: 22/22
 16153 | Lair:2   | Learned a level 4 spell: Olgreb's Toxic Radiance
 16165 | Lair:2   | Noticed a seven-headed hydra
 16315 | Lair:2   | Killed a seven-headed hydra
 16390 | Lair:2   | Found a hole to the Spider Nest.
 16529 | Lair:2   | Reached *** piety under Wu Jian
 16726 | Lair:2   | Noticed an eight-headed hydra
 16737 | Lair:2   | Killed an eight-headed hydra
 16800 | Lair:2   | Noticed Prince Ribbit
 16844 | Lair:2   | Killed Prince Ribbit
 17030 | Lair:2   | Reached skill level 11 in Fighting
 17948 | Lair:3   | Noticed Sonja
 17952 | Lair:3   | Killed Sonja
 17988 | Lair:3   | Found a dark tunnel.
 17999 | Volcano  | Entered a volcano
 18595 | Volcano  | Reached XP level 13. HP: 51/106 MP: 24/24
 20463 | Lair:4   | Learned a level 3 spell: Mephitic Cloud
 20516 | Lair:4   | Reached **** piety under Wu Jian
 20764 | Lair:4   | Found a staircase to the Shoals.
 21495 | Lair:5   | Found a staircase to the Slime Pits.
 21496 | Lair:5   | Found a viscous altar of Jiyva.
 21561 | Lair:5   | Got a twitching copper ring
 21563 | Lair:5   | Identified the ring "Caqac" {rElec Str+4} (You found it on
                  | level 5 of the Lair of Beasts)
 22462 | Lair:6   | Entered Level 6 of the Lair of Beasts
 23477 | D:11     | Found a staircase to the Orcish Mines.
 23477 | D:11     | Found Bots's Weapon Shoppe.
 23599 | D:11     | Reached ***** piety under Wu Jian
 23787 | Orc:1    | Entered Level 1 of the Orcish Mines
 23839 | Orc:2    | Entered Level 2 of the Orcish Mines
 23857 | Orc:2    | Reached XP level 14. HP: 77/114 MP: 11/26
 23891 | Orc:2    | Found a frozen archway.
 23902 | IceCv    | Entered an ice cave
 24631 | IceCv    | Reached skill level 12 in Fighting
 25130 | IceCv    | Noticed a frost giant
 25156 | IceCv    | Killed a frost giant
 25707 | Orc:2    | Noticed Snorg
 25728 | Orc:2    | Killed Snorg
 25960 | Orc:2    | Reached skill level 10 in Invocations
 26132 | Orc:2    | Noticed Nessos
 26134 | Orc:2    | Found a staircase to the Elven Halls.
 26138 | Orc:2    | Killed Nessos
 26658 | Orc:2    | Found Ugefuc's Gadget Shop.
 26658 | Orc:2    | Found Zybaish's Weapon Shoppe.
 26660 | Orc:2    | Found Quxzethre's Jewellery Shop.
 26660 | Orc:2    | Found Efim's General Store.
 26669 | Orc:2    | Bought a potion of heal wounds for 65 gold pieces
 27653 | D:12     | Found Milagyab's Assorted Antiques.
 27822 | D:12     | Learned a level 3 spell: Tukima's Dance
 27907 | D:12     | Reached XP level 15. HP: 53/122 MP: 8/28
 28248 | D:12     | Noticed Azrael
 28690 | D:12     | Reached skill level 10 in Unarmed Combat
 28690 | D:12     | Reached skill level 10 in Evocations
 28698 | D:12     | Killed Azrael
 28860 | D:13     | Found a gate to the Vaults.
 28993 | D:13     | Learned a level 6 spell: Statue Form
 29459 | D:13     | Reached skill level 10 in Stealth
 29834 | D:13     | Reached ****** piety under Wu Jian
 30463 | D:13     | Reached skill level 10 in Charms
 30845 | D:13     | Reached skill level 10 in Short Blades
 30845 | D:13     | Reached skill level 10 in Long Blades
 30845 | D:13     | Reached skill level 10 in Axes
 30845 | D:13     | Reached skill level 10 in Maces & Flails
 30845 | D:13     | Reached skill level 10 in Polearms
 30845 | D:13     | Reached skill level 10 in Staves
 30845 | D:13     | Reached skill level 10 in Slings
 30845 | D:13     | Reached skill level 10 in Bows
 30845 | D:13     | Reached skill level 10 in Crossbows
 30845 | D:13     | Reached skill level 10 in Throwing
 30845 | D:13     | Reached skill level 10 in Armour
 30845 | D:13     | Reached skill level 10 in Dodging
 30845 | D:13     | Reached skill level 10 in Shields
 30845 | D:13     | Reached skill level 10 in Spellcasting
 31204 | D:13     | Learned a level 6 spell: Simulacrum
 31793 | D:14     | Noticed Roxanne
 31799 | D:14     | Noticed Frances
 31826 | D:14     | Killed Frances
 32334 | D:14     | Learned a level 6 spell: Invisibility
 32443 | D:14     | Reached XP level 16. HP: 129/129 MP: 24/30
 32712 | D:15     | Entered Level 15 of the Dungeon
 32884 | D:15     | Reached skill level 13 in Fighting
 33106 | D:15     | Found a portal to a secret trove of treasure.
 33325 | D:15     | Noticed Rupert
 33361 | D:15     | Killed Rupert
 33567 | D:15     | Noticed Louise
 33636 | D:15     | Killed Louise
 33853 | D:15     | Paralysed by a floating eye for 3 turns
 33860 | D:15     | Paralysed by a floating eye for 3 turns
 33868 | D:15     | Paralysed by a floating eye for 2 turns
 33876 | D:15     | Paralysed by a floating eye for 3 turns
 33877 | D:15     | HP: 7/169 [enormous slime creature (48)]
 34310 | D:15     | Found a staircase to the Depths.
 34379 | D:15     | Learned a level 1 spell: Apportation
 34383 | D:15     | Learned a level 3 spell: Confuse
 34592 | Spider:1 | Entered Level 1 of the Spider Nest
 34924 | Spider:1 | HP: 3/170 [entropy weaver (14)]
 34924 | Spider:1 | Slain by an entropy weaver

Skill      XL: |  1  2  3  4  5  6  7  8  9 10 11 12 13 14 15 16 |
---------------+-------------------------------------------------+-----
Invocations    | 1 2 3 4 5 6 7 8 9 10 11 | 11.6
Short Blades   | 1 2 3 4 5 6 7 8 9 10 | 10.7
Long Blades    | 1 2 3 4 5 6 7 8 9 10 | 10.7
Axes           | 1 2 3 4 5 6 7 8 9 10 | 10.7
Maces & Flails | 1 2 3 4 5 6 7 8 9 10 | 10.7
Polearms       | 1 2 3 4 5 6 7 8 9 10 | 10.7
Staves         | 1 2 3 4 5 6 7 8 9 10 | 10.7
Slings         | 1 2 3 4 5 6 7 8 9 10 | 10.7
Bows           | 1 2 3 4 5 6 7 8 9 10 | 10.7
Crossbows      | 1 2 3 4 5 6 7 8 9 10 | 10.7
Throwing       | 1 2 3 4 5 6 7 8 9 10 | 10.7
Armour         | 1 2 3 4 5 6 7 8 9 10 | 10.7
Dodging        | 1 2 3 4 5 6 7 8 9 10 | 10.7
Shields        | 1 2 3 4 5 6 7 8 9 10 | 10.7
Spellcasting   | 1 2 3 4 5 6 7 8 9 10 | 10.7
Conjurations   | 1 2 3 4 5 6 7 8 9 |  9.1
Hexes          | 1 2 3 4 5 6 7 8 9 |  9.1
Summonings     | 1 2 3 4 5 6 7 8 9 |  9.1
Necromancy     | 1 2 3 4 5 6 7 8 9 |  9.1
Translocations | 1 2 3 4 5 6 7 8 9 |  9.1
Transmutations | 1 2 3 4 5 6 7 8 9 |  9.1
Fire Magic     | 1 2 3 4 5 6 7 8 9 |  9.1
Ice Magic      | 1 2 3 4 5 6 7 8 9 |  9.1
Air Magic      | 1 2 3 4 5 6 7 8 9 |  9.1
Earth Magic    | 1 2 3 4 5 6 7 8 9 |  9.1
Poison Magic   | 1 2 3 4 5 6 7 8 9 |  9.1
Unarmed Combat | 3 4 5 6 7 8 9 10 11 | 11.0
Evocations     | 3 4 5 6 7 8 9 10 11 | 11.0
Stealth        | 3 4 5 6 7 8 9 10 11 | 11.0
Fighting       | 9 10 11 12 13 | 13.2
Charms         | 6 7 8 9 10 | 10.5

Action                   |  1- 3 |  4- 6 |  7- 9 | 10-12 | 13-15 | 16-18 || total
-------------------------+-------+-------+-------+-------+-------+-------++-------
Melee: Short sword       |   131 |   270 |   168 |       |       |       ||   569
       Bite              |    14 |    23 |    54 |   122 |   504 |    98 ||   815
       Unarmed           |    45 |    38 |       |       |     2 |       ||    85
       Punch             |       |    11 |     6 |     3 |       |       ||    20
       Dagger            |       |       |   101 |   566 |       |       ||   667
       Morningstar       |       |       |   121 |    10 |       |       ||   131
       Scimitar          |       |       |       |   179 |     5 |       ||   184
       Quick blade       |       |       |       |    97 |  2819 |   629 ||  3545
Throw: Tomahawk          |       |       |     1 |       |       |       ||     1
 Cast: Olgreb's Toxic Ra |       |       |       |     1 |    63 |       ||    64
       Regeneration      |       |       |       |       |     8 |     5 ||    13
       Spectral Weapon   |       |       |       |       |     6 |       ||     6
       Statue Form       |       |       |       |       |    29 |    14 ||    43
       Song of Slaying   |       |       |       |       |     2 |     1 ||     3
       Invisibility      |       |       |       |       |       |     2 ||     2
Invok: Lunge             |       |       |    10 |    31 |    81 |    15 ||   137
       Whirlwind         |       |       |     5 |   155 |    81 |     2 ||   243
       Wall Jump         |       |       |       |    21 |    19 |     1 ||    41
       Serpent's Lash    |       |       |       |     2 |     4 |       ||     6
       Heavenly Storm    |       |       |       |       |     1 |     2 ||     3
Evoke: Wand              |       |       |       |    19 |    20 |       ||    39
  Use: Scroll            |     1 |       |       |    12 |    22 |     1 ||    36
       Potion            |       |       |     4 |     3 |     2 |       ||     9
 Stab: Sleeping          |     5 |     2 |     4 |    14 |    42 |     6 ||    73
       Paralysed         |       |       |       |     7 |       |       ||     7
       Distracted        |       |       |       |     2 |     6 |       ||     8
       Invisible         |       |       |       |     2 |     7 |     5 ||    14
  Eat: Chunk             |     3 |     9 |     5 |    18 |    42 |     9 ||    86
       Ration            |       |     1 |     4 |     2 |     6 |     2 ||    15
Armor: Robe              |    20 |       |       |       |       |       ||    20
       Ring mail         |     9 |    78 |       |       |       |       ||    87
       Leather armour    |       |    34 |   143 |   149 |   103 |       ||   429
       Scale mail        |       |       |       |    10 |    27 |       ||    37
       Skin              |       |       |       |       |   150 |   238 ||   388
       Steam dragon scal |       |       |       |       |    17 |    10 ||    27
Dodge: Dodged            |    97 |   202 |   229 |   293 |   772 |   300 ||  1893
Block: Shield            |       |       |       |   336 |   506 |       ||   842
       Buckler           |       |       |       |       |   198 |   122 ||   320
       Rpst.: Scimitar   |       |       |       |    20 |       |       ||    20

Vault maps used:
D:1:      scummos_arrival_gate
D:2:      nemelex_lonely_heart_becter, uniq_jessica, uniq_natasha
D:3:      fedhas_altar_1
D:4:      first_ration
D:5:      serial_shops, shop, st_stairs_7, nrook_mini_vaults,
          lemuel_flamethrower_2, uniq_duvessa, uniq_edmund, uniq_grinder
D:6:      ashenzari_conservatory_becter, nemelex_xobeh_ov_fountains_minmay
D:7:      minmay_temple_entry_mist, serial_co_window_serial, co_window_corner_a,
          co_window_paths_a, co_window_cross_1, co_window_paths_a,
          co_window_paths_a, co_window_of_opportunity_b, co_window_corner_b,
          co_window_of_opportunity_b, co_window_corner_b,
          co_window_unsneaky_path_a, co_window_unsneaky_path_e,
          co_window_2corner, co_window_sun, glass_columns_a, glass_columns_c,
          glass_columns_a, nicolae_gozag_seed_capital, uniq_joseph,
          uniq_crazy_yiuf_cottage
D:8:      uniq_erica
D:9:      uniq_grum
D:10:     minmay_lair_entry_grove, uniq_urug
D:11:     orc_david_3, david_nohive_1
D:12:     serial_shops, shop_statue, elves_outpost_lemuel, uniq_azrael
D:13:     regret_index_wax_grids, erik_vaults_1
D:14:     minmay_ambush_box, uniq_roxanne, uniq_frances
D:15:     gammafunk_enter_depths_forms, enter_trove_5, serial_bayou_pond_e,
          uniq_rupert, uniq_louise
Temple:   kilobyte_greek_temple
Lair:1:   ebering_ghost_disaster_area, serial_bayou_pond_a, minmay_holes
Lair:2:   spider_nest_entry_rubble, bh_autumn_forest_stairs,
          nicolae_quartered_pool_little, uniq_prince_ribbit2
Lair:3:   nicolae_volcano_entry_hallway, serial_bayou_pond_a,
          serial_bayou_shore_b, serial_bayou_shore_b, infiniplex_staircase_pool,
          serial_bayou_shore_a, serial_bayou_shore_b, uniq_sonja
Lair:4:   minmay_shoals_entry_hut, minivault_27
Lair:5:   slime_altar_1, beast_lair_carwin_3
Lair:6:   guppyfry_lair_end_dragon, hangedman_lair_in_review, serial_forest,
          infiniplex_forest_zigzag_1, infiniplex_forest_straight_4,
          infiniplex_forest_straight_2, infiniplex_forest_clump_curved,
          infiniplex_forest_clump_cross, infiniplex_forest_clump_tiny,
          infiniplex_forest_straight_3, infiniplex_forest_straight_2,
          infiniplex_forest_side_room, basic_altar, fungi_pond_lemuel,
          serial_bayou_shore_b, minmay_lair_oklob_chamber
Orc:2:    grunt_orc_tribal_feast, portal_ice_cave_entry_pillars_2, uniq_nessos,
          uniq_snorg
IceCv:    ice_cave_caverns_02
Volcano:  volcano_tomb
